 Dungeon Crawl Stone Soup version 0.30-a0-347-gf58ed5266c (webtiles) character file.

Game seed: 7900725479841172467

1233 Shayle the Ducker (level 8, -2/59 HPs)
             Began as a Djinni Reaver on Nov 5, 2022.
             Slain by a lemure (6 damage)
             ... led by Pikel
             ... on level 4 of the Dungeon.
             The game lasted 00:12:42 (4087 turns).

Shayle the Ducker (Djinni Reaver)                   Turns: 4087, Time: 00:12:43

Health: -2/59      AC:  4    Str: 11    XL:     8   Next: 77%
Gold:   1189       EV: 17    Int: 22    God:
                   SH:  0    Dex: 13

rFire   + + .      SeeInvis .    n - +0 long sword (flame)
rCold   x . .      Faith    .    (no shield)
rNeg    . . .      Spirit   .    a - +1 leather armour
rPois   ∞          Reflect  .    (no helmet)
rElec   .          Harm     .    (no cloak)
rCorr   .          Rampage  .    (no gloves)
Will    .....                    (boots unavailable)
Stlth   +.........               (no amulet)
HPRegen 0.29/turn                i - +6 ring of intelligence
MPRegen 0.00/turn                h - +4 ring of evasion

@: brilliant, on berserk cooldown, flying, slowed, very slow
A: sickness immunity, fire resistance 2, cold vulnerability 1, float, innate
caster, HP casting, extra vitality 1
a: no special abilities


You were on level 4 of the Dungeon.
You visited 1 branch of the dungeon, and saw 5 of its levels.

You collected 1189 gold pieces.

Inventory:

Hand Weapons
 m - a +3 flail of holy wrath
 n - a +0 long sword of flaming (weapon)
Missiles
 c - 3 poisoned darts
Armour
 a - a +1 leather armour (worn)
Jewellery
 g - a ring of willpower
 h - a +4 ring of evasion (right hand)
 i - a +6 ring of intelligence (left hand)
 s - a +6 ring of dexterity
 t - an amulet of reflection
Scrolls
 b - 2 scrolls of identify
 f - 2 scrolls of immolation
Potions
 d - a potion of might
 e - a potion of ambrosia {unknown}
 p - a potion of degeneration
 q - a potion of mutation


   Skills:
 + Level 5.2 Fighting
 + Level 5.8 Dodging
 + Level 5.7 Unarmed Combat
 + Level 4.5 Spellcasting


You had 5 spell levels left.
You knew the following spells:

 Your Spells              Type           Power      Damage    Failure   Level
a - Kiss of Death         Conj/Necr      100%       2d13      2%          1
b - Momentum Strike       Conj/Tloc      74%        3d10      3%          2
c - Hailstorm             Conj/Ice       37%        3d9       7%          3
d - Sandblast             Erth           74%        2d16      2%          1
e - Passwall              Tmut/Erth      30%        N/A       3%          2
f - Call Imp              Summ           37%        N/A       3%          2
Your spell library was empty.

Dungeon Overview and Level Annotations

Branches:
Dungeon (5/15)
 Temple: D:4-7

Altars:
Fedhas
Xom

Shops:
D:4 :

Annotations:
D:5 1 runed translucent door, Crazy Yiuf


Innate Abilities, Weirdness & Mutations

You are immune to sickness and miasma.
You are immune to poison.
Your flesh is very heat resistant. (rF++)
You are vulnerable to cold. (rC-)
You float through the air rather than walking.
You learn spells naturally, not from books.
Your magical power is your life essence.
You have superior vitality. (+4 MHP)


Message History

The lemure hits you!
* * * LOW HITPOINT WARNING * * *
You barely miss the lemure.
The lemure is lightly wounded.
The lemure hits you but does no damage.
You closely miss the lemure.
The lemure is lightly wounded.
The lemure misses you.
You miss the lemure.
The lemure is lightly wounded.
The lemure hits you.
* * * LOW HITPOINT WARNING * * *
You closely miss the lemure.
The lemure is lightly wounded.
The lemure closely misses you.
You barely miss the lemure.
The lemure is lightly wounded.
The lemure hits you.
* * * LOW HITPOINT WARNING * * *
You closely miss the lemure.
The lemure is lightly wounded.
The lemure hits you!
* * * LOW HITPOINT WARNING * * *
You slash the lemure! You burn the lemure. You punch the lemure.
The lemure is severely wounded.
The lemure hits you.
* * * LOW HITPOINT WARNING * * *
You barely miss the lemure.
The lemure is severely wounded.
You are no longer berserk.
You are exhausted.
You feel yourself slow down. The lemure misses you.
Unknown command.
Okay, then.
You aren't carrying any items that you can evoke.
Unknown command.
It was a potion of brilliance.
You feel clever all of a sudden. The lemure hits you.
You die...

###.# #....### ######....
#...# ##....# #......
#.#####..#### #####......
##.......## #####.....#####
#...##########.........#
#.#######......#############
#####.......#### ######...
##..##..##########[.....##
###..###...@5O......>######
#...###....########### #####
#....# #....# ######


You could see an ogre and a lemure.

Vanquished Creatures
  Pikel (D:4)
  Sigmund (D:5)
  Edmund (D:5)
  Menkaure (D:5)
  2 lemures (D:4)
  2 scorpions
  A hound (D:5)
  2 orc priests
  Natasha (thrice) (D:2)
  An orc wizard (D:5)
  A gnoll (D:5)
  2 adders
  A shadow imp (D:5)
  An ufetubus (D:5)
  2 worms
  A dart slug (D:1)
  8 orcs
  3 endoplasms
  2 giant cockroaches (D:3)
  2 goblins
  8 hobgoblins
  4 jackals (D:4)
  2 quokkas
  6 ball pythons
  6 bats
  2 frilled lizards
  5 kobolds
  4 rats
75 creatures vanquished.

Notes
Turn   | Place    | Note
-------+----------+-------------------------------------------
     0 | D:1      | Shayle the Djinni Reaver began the quest for the Orb.
     0 | D:1      | Shayle set off with the following spells memorised: Kiss of
                  | Death, Momentum Strike, Hailstorm.
     0 | D:1      | Reached XP level 1. HP: 18/18 MP: 0/0
   241 | D:1      | Reached XP level 2. HP: 21/23 MP: 0/0
   614 | D:2      | Reached XP level 3. HP: 28/29 MP: 0/0
   614 | D:2      | Learned a level 1 spell: Sandblast
   891 | D:2      | Noticed Natasha
   904 | D:2      | Killed Natasha
   905 | D:2      | Reached XP level 4. HP: 5/34 MP: 0/0
  1352 | D:4      | Noticed a scorpion
  1460 | D:2      | Reached XP level 5. HP: 39/40 MP: 0/0
  1460 | D:2      | Learned a level 2 spell: Passwall
  1600 | D:2      | Noticed Natasha
  1603 | D:2      | Killed Natasha
  1698 | D:2      | Noticed Natasha
  1701 | D:2      | Killed Natasha
  1949 | D:3      | Identified the +0 hat of Udduas {Str-4 Slay+5}
  2205 | D:3      | Reached XP level 6. HP: 35/46 MP: 0/0
  2430 | D:4      | Found a shimmering altar of Xom.
  2584 | D:4      | Found Aluetuno's Book Shoppe.
  2868 | D:5      | Entered Level 5 of the Dungeon
  2878 | D:5      | Noticed Edmund
  2887 | D:5      | Killed Edmund
  3228 | D:5      | Noticed Pikel
  3268 | D:5      | Reached XP level 7. HP: 49/51 MP: 0/0
  3268 | D:5      | Learned a level 2 spell: Call Imp
  3396 | D:5      | Found a blossoming altar of Fedhas.
  3403 | D:5      | Noticed Menkaure
  3407 | D:5      | Killed Menkaure
  3492 | D:5      | Noticed Sigmund
  3509 | D:5      | Identified a scroll of acquirement
  3509 | D:5      | Acquired 881 gold pieces
  3528 | D:5      | Killed Sigmund
  3529 | D:5      | Reached skill level 5 in Unarmed Combat
  3529 | D:5      | Reached XP level 8. HP: 37/58 MP: 0/0
  3764 | D:5      | Found a runed translucent door.
  3765 | D:5      | Noticed Crazy Yiuf
  3803 | D:5      | Reached skill level 5 in Dodging
  3876 | D:4      | Killed Pikel
  3877 | D:4      | Reached skill level 5 in Fighting
  4087 | D:4      | Slain by a lemure

Illustrated notes

Levels and vault maps discovered:
D:1:      wheals_arrival_shading, layout_rooms, minmay_hexomino_u4
D:2:      layout_rooms, grunt_ministairs_4, uniq_natasha
D:3:      layout_basic, minmay_pentomino_pile
D:4:      layout_rooms, serial_shops, shop, kennysheep_small_circle
D:5:      corexii_shack_village, layout_layer_cave, old_standard_altar,
          uniq_pikel, uniq_crazy_yiuf_cottage, uniq_edmund, uniq_sigmund,
          uniq_menkaure

Skill      XL: |  1  2  3  4  5  6  7  8 |
---------------+-------------------------+-----
Dodging        | 3 4 5 |  5.8
Fighting       | 3 4 5 |  5.2
Spellcasting   | 3 4 |  4.5
Unarmed Combat | 4 5 |  5.7

Action                   |  1- 3 |  4- 6 |  7- 9 || total
-------------------------+-------+-------+-------++-------
Melee: Unarmed           |   108 |       |       ||   108
       Punch             |     2 |       |     2 ||     4
       Long sword        |     9 |    67 |    49 ||   125
 Cast: Sandblast         |       |    30 |    25 ||    55
       Momentum Strike   |       |     3 |       ||     3
       Call Imp          |       |       |     1 ||     1
  Use: Potion            |     3 |     1 |     4 ||     8
       Scroll            |       |     9 |     2 ||    11
Armor: Leather armour    |    28 |    18 |     7 ||    53
       Skin              |       |       |    41 ||    41
Dodge: Dodged            |   147 |    71 |    60 ||   278

Table legend: (Time is in decaauts)
 A = Elapsed time spent in this place.
 B = Non-inter-level travel time spent in this place.
 C = Inter-level travel time spent in this place.
 D = Time resting spent in this place.
 E = Time spent auto-exploring this place.
 F = Levels seen in this place.
 G = Mean time per level.
                   A        B        C        D        E       F      G
               +--------+--------+--------+--------+--------+-----+--------+
         Total |   4178 |   3909 |    269 |    804 |   2085 |   5 |  835.6 |
       Dungeon |   4178 |   3909 |    269 |    804 |   2085 |   5 |  835.6 |
               +--------+--------+--------+--------+--------+-----+--------+

Top non-repeatable levels by time:
     D:3: 1051 daAuts
     D:5: 1034 daAuts
     D:2: 779 daAuts
     D:4: 732 daAuts
     D:1: 581 daAuts
